 Dungeon Crawl Stone Soup version 0.32-a0-22-g6ae6769 (webtiles) character file.

Game seed: 11926248627674371859

898 blake the Magician (level 8, -3/60 HPs)
             Began as a Djinni Conjurer on Jan 17, 2024.
             Slain by an unseen horror (8 damage)
             ... on level 5 of the Dungeon.
             The game lasted 00:11:24 (4340 turns).

blake the Magician (Djinni Conjurer)                Turns: 4340, Time: 00:11:24

Health: -3/60      AC:  2    Str:  6    XL:     8   Next: 28%
Gold:   276        EV: 13    Int: 21    God:
                   SH:  0    Dex: 13

rFire   + + +        b - staff of alchemy
rCold   x . .        (no shield)
rNeg    . . .        a - +0 robe
rPois   ∞            (no helmet)
rElec   .            j - scarf {repulsion}
rCorr   .            (no gloves)
SInv    .            (boots unavailable)
Will    .....        (no amulet)
Stlth   ++           h - ring of protection from fire
HPRegen 0.30/turn    u - ring of wizardry
MPRegen 0.00/turn

%: repel missiles, wizardry (x1), infuse magic (-4 HP)
@: attractive, flying
A: sickness immunity, fire resistance 2, cold vulnerability 1, float, innate
caster, HP casting, extra vitality 1
a: no special abilities


You were on level 5 of the Dungeon.
You visited 1 branch of the dungeon, and saw 5 of its levels.

You collected 276 gold pieces.

Inventory:

Armour
 a - a +0 robe (worn)
 j - a scarf of repulsion (worn)
 D - the +3 plate armour of Boredom {SInv}
   (You found it on level 5 of the Dungeon)

   SInv:      It lets you see invisible.
Magical Staves
 b - a staff of alchemy (weapon)
Jewellery
 h - a ring of protection from fire (left hand)
 u - a ring of wizardry (right hand)
Wands
 n - a wand of flame (28)
 w - a wand of paralysis (12)
Scrolls
 f - a scroll of torment {unknown}
 g - 6 scrolls of identify {unknown}
 i - a scroll of enchant weapon {unknown}
 l - a scroll of amnesia {unknown}
 m - a scroll of fog {unknown}
 p - a scroll of silence {unknown}
 q - a scroll of brand weapon {unknown}
 r - 2 scrolls of noise {unknown}
 s - a scroll of vulnerability {unknown}
 y - a scroll of poison {unknown}
 A - a scroll of teleportation {unknown}
 C - a scroll of enchant armour {unknown}
 F - a scroll of fear {unknown}
Potions
 c - a potion of attraction
 d - 2 potions of heal wounds {unknown}
 e - 3 potions of curing {unknown}
 k - a potion of berserk rage {unknown}
 o - a potion of degeneration {unknown}
 t - a potion of invisibility {unknown}
 v - a potion of might {unknown}
 x - a potion of lignification {unknown}
 z - 2 potions of mutation {unknown}
 B - 2 potions of magic {unknown}
 E - 3 potions of brilliance {unknown}


   Skills:
 + Level 5.6 Fighting
 - Level 3.1 Dodging
 - Level 2.4 Stealth
 + Level 5.9 Spellcasting
 + Level 5.9 Conjurations
 + Level 5.9 Hexes
 + Level 5.9 Summonings
 + Level 5.9 Necromancy
 + Level 5.9 Translocations
 + Level 5.9 Fire Magic
 + Level 5.9 Ice Magic
 + Level 5.9 Air Magic
 + Level 5.9 Earth Magic
 + Level 5.9 Alchemy


You knew the following spells:

 Your Spells              Type           Power      Damage    Failure   Level
a - Magic Dart            Conj           100%       1d8       1%          1
b - Searing Ray           Conj           62%        2d6       1%          2
c - Fulminant Prism       Conj/Alch      23%        3d12      3%          4
d - Iskenderun's Mystic   Conj/Tloc      31%        2d8       3%          4
e - Freeze                Ice            100%       1d10      1%          1
f - Static Discharge      Conj/Air       62%        3-6/arc   1%          2
g - Teleport Other        Tloc           31%        N/A       1%          3
Your spell library was empty.

Dungeon Overview and Level Annotations

Branches:
Dungeon (5/15)
 Temple: D:4-7

Altars:
Ashenzari
The Shining One

Annotations:
D:3 Sigmund


Innate Abilities, Weirdness & Mutations

You are immune to sickness and miasma.
You are immune to poison.
Your flesh is very heat resistant. (rF++)
You are vulnerable to cold. (rC-)
You float through the air rather than walking.
You learn spells naturally, not from books.
Your magical power is your life essence.
You have superior vitality. (+4 MHP)


Message History

E - 3 metallic purple potions (gained 1)
F - a scroll labelled UCLEXU RUENYSM You now have 276 gold pieces (gained 11).
Found a stone staircase leading down.
There is a strange disturbance nearby!
Casting: Magic Dart (safe; 1% risk of failure)
Confirm with . or Enter, or press ? or * to list all spells.
You can't see any susceptible monsters within range! (Use Z to cast anyway.)
Casting: Magic Dart (safe; 1% risk of failure)
Confirm with . or Enter, or press ? or * to list all spells.
You don't know that spell.
Something hits you.
Deactivating autopickup; reactivate with Ctrl-A.
You see here a purple potion.
Casting: Magic Dart (safe; 1% risk of failure)
Confirm with . or Enter, or press ? or * to list all spells.
Aiming: Searing Ray (safe; 1% risk of failure)
Press: ? - help, Shift-Dir - straight line The searing ray hits something. (Press . to maintain the ray.)
Something hits you. Something completely misses you.
The searing ray hits something!
Something hits you. x2
The searing ray hits something but does no damage.
Something hits you. x2
You finish channelling your searing ray.
Something hits you! Something hits you.
* * * LOW HITPOINT WARNING * * *
Something hits you!
* * * LOW HITPOINT WARNING * * *
Casting: Searing Ray (safe; 1% risk of failure)
Confirm with . or Enter, or press ? or * to list all spells.
Okay, then.
Casting: Searing Ray (safe; 1% risk of failure)
Confirm with . or Enter, or press ? or * to list all spells.
You erupt in a blast of force!
The mystic blast hits something.
* * * LOW HITPOINT WARNING * * *
It was a potion of attraction.
You feel attractive to monsters. Something hits you!
You die...

#..#
#.#########
#..# #.#
#... #.. #
#.## #.# ##
#. #.# ##.
#.# #.# #.#
##.
#>######.#
#.
#....@{..#
#.
#..#######
#. #####
#..# #.
....# #..#
#. ###.#
#..# #. ###
##.# #. #.#
## #.# #
########
#.#### #


There were no monsters in sight!

Vanquished Creatures
  A black bear (D:4)
  An ice beast (D:5)
  2 ogres (D:5)
  3 scorpions
  A hound (D:5)
  A jelly (D:5)
  3 iguanas
  2 orc wizards (D:4)
  Robin (D:2)
  4 adders
  A white imp (D:5)
  4 dart slugs
  3 ribbon worms
  17 orcs
  4 endoplasms
  5 giant cockroaches
  8 goblins
  7 hobgoblins
  12 jackals
  2 quokkas
  11 ball pythons
  7 bats
  A frilled lizard (D:3)
  6 kobolds
  6 rats
113 creatures vanquished.

Vanquished Creatures (others)
  2 fulminant prisms (D:5)
2 creatures vanquished.

Grand Total: 115 creatures vanquished

Notes
Turn   | Place    | Note
-------+----------+-------------------------------------------
     0 | D:1      | blake the Djinni Conjurer began the quest for the Orb.
     0 | D:1      | blake set off with the following spells memorised: Magic
                  | Dart, Searing Ray, Fulminant Prism, Iskenderun's Mystic
                  | Blast.
     0 | D:1      | Reached XP level 1. HP: 15/15 MP: 0/0
   138 | D:1      | Reached XP level 2. HP: 17/21 MP: 0/0
   338 | D:1      | You are sucked into a shaft and drop 1 floor!
   438 | D:2      | Reached XP level 3. HP: 20/25 MP: 0/0
   438 | D:2      | Learned a level 1 spell: Freeze
  1062 | D:2      | Noticed Robin
  1071 | D:2      | Killed Robin
  1072 | D:2      | Reached XP level 4. HP: 19/31 MP: 0/0
  1510 | D:3      | Noticed Sigmund
  1715 | D:3      | Reached skill level 1 in Fighting
  2022 | D:3      | Reached XP level 5. HP: 36/37 MP: 0/0
  2022 | D:3      | Learned a level 2 spell: Static Discharge
  2286 | D:3      | Found a glowing golden altar of the Shining One.
  2475 | D:3      | Found a broken altar of Ashenzari.
  2516 | D:3      | Reached XP level 6. HP: 40/45 MP: 0/0
  2861 | D:4      | Reached XP level 7. HP: 25/51 MP: 0/0
  2861 | D:4      | Learned a level 3 spell: Teleport Other
  3093 | D:4      | Reached skill level 5 in Spellcasting
  3093 | D:4      | Reached skill level 5 in Conjurations
  3093 | D:4      | Reached skill level 5 in Hexes
  3093 | D:4      | Reached skill level 5 in Summonings
  3093 | D:4      | Reached skill level 5 in Necromancy
  3093 | D:4      | Reached skill level 5 in Translocations
  3093 | D:4      | Reached skill level 5 in Fire Magic
  3093 | D:4      | Reached skill level 5 in Ice Magic
  3093 | D:4      | Reached skill level 5 in Air Magic
  3093 | D:4      | Reached skill level 5 in Earth Magic
  3093 | D:4      | Reached skill level 5 in Alchemy
  3593 | D:5      | Entered Level 5 of the Dungeon
  3864 | D:5      | Reached skill level 5 in Fighting
  3864 | D:5      | Reached XP level 8. HP: 51/59 MP: 0/0
  4054 | D:5      | Identified the +3 plate armour of Boredom {SInv}
  4340 | D:5      | Slain by an unseen horror

Illustrated notes

Levels and vault maps discovered:
D:1:      minmay_arrival_shoal_huts, layout_basic, minmay_unequal
D:2:      layout_basic, uniq_crazy_yiuf_cottage, uniq_robin
D:3:      layout_loops_corners, ashenzari_conservatory_becter, tso_oasis_becter,
          uniq_sigmund
D:4:      layout_cave_pools
D:5:      layout_loops_ring, minitemple, grunt_ministairs_10, uniq_blork_the_orc

Skill      XL: |  1  2  3  4  5  6  7 |
---------------+----------------------+-----
Stealth        | 2 |  2.4
Dodging        | 3 |  3.1
Spellcasting   | 4 5 |  5.9
Conjurations   | 4 5 |  5.9
Hexes          | 4 5 |  5.9
Summonings     | 4 5 |  5.9
Necromancy     | 4 5 |  5.9
Translocations | 4 5 |  5.9
Fire Magic     | 4 5 |  5.9
Ice Magic      | 4 5 |  5.9
Air Magic      | 4 5 |  5.9
Earth Magic    | 4 5 |  5.9
Alchemy        | 4 5 |  5.9
Fighting       | 1 2 3 5 |  5.6

Action                     |  1- 3 |  4- 6 |  7- 9 || total
---------------------------+-------+-------+-------++-------
   Cast: Magic Dart        |    63 |   112 |    33 ||   208
         Searing Ray       |     4 |    11 |    13 ||    28
         Static Discharge  |       |     1 |       ||     1
         Iskenderun's Myst |       |       |     4 ||     4
         Fulminant Prism   |       |       |     2 ||     2
    Use: Potion            |       |       |     1 ||     1
 Armour: Robe              |     2 |    10 |    16 ||    28
  Dodge: Dodged            |     1 |    12 |     6 ||    19
         Repelled          |       |     1 |     1 ||     2

Table legend: (Time is in decaauts)
 A = Elapsed time spent in this place.
 B = Non-inter-level travel time spent in this place.
 C = Inter-level travel time spent in this place.
 D = Time resting spent in this place.
 E = Time spent auto-exploring this place.
 F = Levels seen in this place.
 G = Mean time per level.
                   A        B        C        D        E       F      G
               +--------+--------+--------+--------+--------+-----+--------+
         Total |   4338 |   4094 |    244 |      0 |   3610 |   5 |  867.6 |
       Dungeon |   4338 |   4094 |    244 |      0 |   3610 |   5 |  867.6 |
               +--------+--------+--------+--------+--------+-----+--------+

Top non-repeatable levels by time:
     D:3: 1337 daAuts
     D:2: 880 daAuts
     D:4: 777 daAuts
     D:5: 746 daAuts
     D:1: 595 daAuts
